Map: Dusk Towers

Players

ILLBdA

  • Race: Protoss Protoss
  • League: Diamond

inthehope - Winner!

  • Race: Zerg Zerg
  • League: Diamond

VOD

Have the link to the VOD?

Description

Time

  • Played on: Dec. 10, 2015, 9:13 a.m.
  • Length: 11:23
Show
View Real Time Build Order
Export as new Build Order

ILLBdA Protoss 

Build Orders: Nexus First 

Get SALT Encoding   

  12  0:01  Probe (Chrono Boost)  
  13  0:11  Probe (Chrono Boost)  
  14  0:21  Pylon  
  14  0:22  Probe (Chrono Boost)  
  15  0:39  Probe (Chrono Boost)  
  17  0:50  Probe (Chrono Boost)  
  17  0:57  Nexus  
  17  1:08  Gateway  
  18  1:11  Probe (Chrono Boost)  
  18  1:24  Assimilator  
  18  1:28  Assimilator  
  18  1:33  Gateway  
  18  1:34  Probe (Chrono Boost)  
  19  1:45  Probe (Chrono Boost)  
  20  1:55  Probe (Chrono Boost)  
  20  1:58  Cybernetics Core  
  21  2:01  Pylon  
  21  2:06  Probe (Chrono Boost)  
  22  2:11  Probe (Chrono Boost)  
  23  2:16  Probe (Chrono Boost)  
  23  2:21  Probe (Chrono Boost)  
  25  2:27  Probe (Chrono Boost)  
  26  2:32  Probe (Chrono Boost)  
  26  2:34  Adept (Chrono Boost)  
  26  2:35  Adept (Chrono Boost)  
  31  2:38  Mothership Core (Chrono Boost)  
  33  2:45  Warp Gate  
  33  2:47  Probe (Chrono Boost)  
  34  2:59  Probe x2 (Chrono Boost)  
  34  3:04  Adept x2  
  40  3:09  Probe (Chrono Boost), Pylon  
  41  3:19  Robotics Facility  
  41  3:39  Pylon  
  41  3:40  Probe (Chrono Boost)  
  42  3:47  Probe (Chrono Boost)  
  41  3:48  Adept  
  43  3:59  Probe (Chrono Boost)  
  44  4:05  Pylon  
  44  4:06  Warp Prism (Chrono Boost)  
  46  4:19  Gateway  
  46  4:21  Gateway  
  46  4:27  Gateway  
  46  4:28  Gateway, Probe  
  46  4:31  Gateway  
  47  4:36  Twilight Council  
  47  4:43  Immortal (Chrono Boost)  
  47  4:45  Pylon  
  51  4:47  Assimilator  
  51  4:51  Zealot  
  53  4:58  Stalker  
  55  5:07  Probe, Charge (Chrono Boost)  
  56  5:17  Immortal (Chrono Boost)  
  56  5:37  Zealot x3  
  56  5:40  Zealot  
  64  5:48  Pylon  
  64  5:53  Immortal (Chrono Boost)  
  64  5:56  Sentry  
  70  6:01  Pylon  
  70  6:03  Pylon  
  70  6:07  Sentry x2  
  70  6:08  Zealot x2  
  78  6:17  Pylon  
  78  6:21  Sentry, Zealot x2  
  84  6:39  Immortal (Chrono Boost)  
  88  6:40  Zealot x3  
  94  6:57  Zealot  
  94  6:58  Zealot x3  
  102  7:03  Pylon  
  102  7:04  Pylon  
  102  7:18  Observer (Chrono Boost)  
  87  7:22  Zealot x2  
  87  7:23  Zealot x3  
  81  7:40  Sentry x2, Immortal (Chrono Boost)  
  89  7:44  Zealot  
  89  7:45  Zealot  
  87  8:10  Sentry x2  
  87  8:11  Zealot x2  
  95  8:13  Immortal (Chrono Boost)  
  95  8:18  Sentry x2  
  103  8:29  Zealot  
  105  8:39  Zealot x3  
  105  8:40  Zealot  
  113  8:49  Sentry x2  
  113  8:50  Observer  
  118  9:05  Pylon  
  88  9:17  Zealot x2  
  88  9:18  Zealot x5  
  98  9:24  Immortal  
  98  9:40  Sentry x3  
  98  9:41  Zealot x2  
  108  9:46  Pylon  
  108  10:03  Observer  
  89  10:10  Zealot x2  
  89  10:11  Zealot x3  
  65  10:33  Zealot  
  65  10:34  Sentry x3  
  73  10:36  Sentry  
  73  10:37  Zealot  
  73  10:38  Zealot  
  79  10:45  Warp Prism  
  81  10:54  Sentry  
  81  10:55  Zealot x2  
  87  10:59  Zealot  
  89  11:04  Zealot  
  83  11:12  Zealot x2  
Show
View Real Time Build Order
Export as new Build Order

inthehope Zerg - Winner!

Build Orders: Hatch First, Lurkers 

Get SALT Encoding   

  12  0:02  Drone  
  13  0:12  Overlord  
  13  0:20  Drone  
  14  0:31  Drone x2  
  16  0:36  Drone  
  17  0:46  Drone  
  18  0:59  Hatchery  
  18  1:02  Drone  
  18  1:07  Drone  
  19  1:17  Spawning Pool  
  18  1:19  Drone  
  19  1:40  Hatchery  
  19  1:43  Drone  
  19  1:44  Drone  
  20  1:54  Overlord  
  20  2:03  Queen  
  22  2:14  Queen  
  22  2:15  Drone x2  
  26  2:19  Drone  
  27  2:25  Drone x2  
  29  2:33  Overlord  
  29  2:34  Drone  
  30  2:43  Drone, Queen  
  33  2:49  Queen  
  35  2:57  Drone x3  
  38  3:02  Queen  
  40  3:08  Extractor  
  39  3:14  Spine Crawler  
  39  3:19  Drone x3  
  42  3:20  Drone  
  43  3:27  Drone x2  
  43  3:31  Drone  
  43  3:33  Spine Crawler  
  43  3:36  Drone x3  
  46  3:48  Zergling x6  
  49  3:52  Drone  
  49  3:53  Overlord  
  50  4:01  Extractor  
  50  4:02  Overlord  
  49  4:03  Roach Warren, Extractor  
  49  4:05  Extractor x2  
  49  4:06  Drone x2  
  47  4:13  Drone x3  
  47  4:14  Drone  
  51  4:28  Drone x3  
  51  4:29  Drone  
  51  4:30  Drone x3, Overlord x2  
  58  4:34  Drone  
  58  4:35  Drone x2  
  58  4:38  Drone x3, Extractor  
  64  4:39  Extractor  
  62  4:47  Drone x3  
  62  4:51  Overlord  
  65  4:53  Overlord  
  65  5:07  Metabolic Boost  
  65  5:10  Lair, Spine Crawler  
  65  5:12  Drone x4  
  68  5:19  Roach  
  68  5:20  Roach x4  
  75  5:25  Roach  
  75  5:26  Roach  
  77  5:39  Roach x3  
  77  5:40  Roach  
  85  5:45  Spore Crawler, Ravager  
  85  5:49  Roach x2  
  89  6:04  Overlord x2  
  89  6:11  Zergling x2  
  89  6:12  Overlord x2  
  90  6:19  Overlord x2  
  90  6:26  Zergling x10  
  90  6:27  Zergling x6  
  90  6:28  Overlord  
  98  6:42  Drone  
  98  6:45  Spore Crawler, Roach x2  
  98  6:46  Roach x3  
  108  6:49  Ravager x5  
  108  6:51  Drone x2  
  108  6:52  Drone  
  116  6:56  Drone x2  
  116  6:57  Overseer  
  118  7:04  Drone x6  
  118  7:05  Drone  
  113  7:24  Drone  
  113  7:25  Drone x2  
  113  7:28  Hydralisk Den  
  113  7:29  Roach x2  
  121  7:30  Overlord, Roach  
  121  7:34  Overlord x2  
  121  7:38  Drone x2  
  121  7:40  Drone x2  
  125  7:45  Roach x2  
  125  7:47  Roach x2  
  125  7:50  Glial Reconstitution  
  130  8:10  Lurker Den  
  130  8:15  Drone x2  
  132  8:22  Hatchery  
  132  8:24  Ravager x2  
  132  8:25  Overlord x2, Ravager  
  134  8:28  Hydralisk x3  
  134  8:29  Evolution Chamber x2, Hydralisk x3  
  134  8:30  Overlord x2  
  134  8:31  Overseer  
  144  8:42  Spine Crawler  
  144  8:43  Spine Crawler  
  144  8:44  Drone x3  
  144  8:46  Spine Crawler  
  144  8:47  Overlord  
  144  8:48  Drone x2  
  146  8:57  Zerg Missile Weapons Level 1, Zerg Ground Armor Level 1  
  146  8:58  Hydralisk x2  
  146  9:02  Hydralisk x2  
  154  9:03  Extractor  
  154  9:05  Extractor  
  154  9:09  Roach x2  
  146  9:16  Hydralisk x4  
  124  9:18  Zergling x4  
  124  9:22  Hydralisk  
  124  9:23  Hydralisk  
  124  9:24  Hydralisk x2  
  114  9:30  Hydralisk, Zergling x2  
  114  9:31  Zergling x10  
  119  9:32  Zergling x2  
  119  9:37  Lurker x2  
  119  9:38  Lurker x3  
  125  9:39  Zergling x6  
  127  10:00  Hydralisk  
  127  10:01  Hydralisk  
  127  10:02  Zergling x4  
  127  10:04  Zergling x2  
  127  10:06  Muscular Augments  
  122  10:07  Zergling x2  
  122  10:08  Zergling x2  
  122  10:13  Zergling x2  
  108  10:14  Zergling x4  
  108  10:20  Zergling x2  
  97  10:23  Zergling x2  
  97  10:25  Hydralisk x2  
  97  10:27  Lurker  
  100  10:30  Hydralisk x2  
  100  10:31  Lurker x2  
  106  10:41  Zergling x4  
  106  10:42  Zergling x16  
  116  10:43  Overlord  
  116  10:53  Zergling x2  
  116  10:54  Hydralisk x3  
  125  10:58  Overseer  
Tags
 
Composition
Lurkers
Matchup
PvZ
Replay Pack
me
Add a new tag
Caveats
  • Supply blocks, unpowered buildings, or Contaminate may cause inaccurate times.
  • Supply counts are checked every 10 seconds.